[Event "SuperChess Cup Rapid 2019"]
[Site "Bucharest"]
[Date "2019.11.06"]
[Round "2.2"]
[White "Deac, Bogdan-Daniel"]
[Black "David, Alexandru-Vasile"]
[Result "1/2-1/2"]
[ECO "E18"]
[WhiteElo "2613"]
[BlackElo "2424"]
[Annotator "RC"]
[PlyCount "68"]
[EventDate "2019.11.06"]
[EventType "tourn"]
[EventCountry "ROU"]
[SourceTitle "playchess.com"]
[Source "ChessBase"]
[SourceQuality "1"]
[TimeMode "Bronstein"]
[TimeControl "1500+10"]

1. Nf3 Nf6 2. c4 b6 3. d4 e6 4. g3 Bb7 5. Bg2 Be7 6. O-O O-O 7. Nc3 Ne4 8. Bd2 d6 9. Ne1 Nxc3 10. Bxc3 Bxg2 11. Nxg2 c6 12. d5 Nd7 13. dxc6 Nb8 14. Qd4 Bf6 15. Qd3 Bxc3 16. Qxc3 Nxc6 17. Rfd1 Qc7 18. b3 Ne5 19. f4 Ng4 20. Qd4 Rfd8 21. Rd3 d5 22. Rad1 e5 23. fxe5 Nxe5 24. R3d2 Nc6 25. Qc3 dxc4 26. Qxc4 Rxd2 27. Rxd2 Rc8 28. Nf4 h6 29. Kg2 Ne5 30. Qe4 Qe7 31. Nd5 Qe6 32. Nf4 Qe7 33. Nd5 Qe6 34. Nf4 Qe7 1/2-1/2

[Event "SuperChess Cup Rapid 2019"]
[Site "Bucharest"]
[Date "2019.11.06"]
[Round "2.5"]
[White "Parligras, Mircea-Emilian"]
[Black "Miron, Lucian-Costin"]
[Result "1-0"]
[ECO "A61"]
[WhiteElo "2629"]
[BlackElo "2490"]
[Annotator "RC"]
[PlyCount "75"]
[EventDate "2019.11.06"]
[EventType "tourn"]
[EventCountry "ROU"]
[SourceTitle "playchess.com"]
[Source "ChessBase"]
[SourceQuality "1"]
[TimeMode "Bronstein"]
[TimeControl "1500+10"]

1. d4 Nf6 2. c4 e6 3. Nf3 c5 4. d5 exd5 5. cxd5 d6 6. Nc3 g6 7. Nd2 Bg7 8. e4 O-O 9. Be2 Ne8 10. O-O f5 11. exf5 Bxf5 12. Nde4 Na6 13. Bg5 Qa5 14. Ng3 Bd7 15. h4 Nf6 16. h5 gxh5 17. Nxh5 Nxh5 18. Bxh5 Bf5 19. Be7 Nb4 20. Bxd6 Nd3 21. Bxf8 Rxf8 22. d6 c4 23. Bf3 Qc5 24. Qd2 b5 25. a3 a6 26. Rae1 Qxd6 27. Be4 Bh6 28. Qd1 Kh8 29. Bxf5 Rxf5 30. Re8+ Rf8 31. Rfe1 Bg7 32. R1e6 Qf4 33. Qe2 Qc1+ 34. Nd1 Nf4 35. Rxf8+ Bxf8 36. Qe5+ Kg8 37. Qg5+ Ng6 38. Qxc1 1-0

[Event "SuperChess Cup Rapid 2019"]
[Site "Bucharest"]
[Date "2019.11.07"]
[Round "5.4"]
[White "Gavrilescu, David"]
[Black "Cosma, Elena-Luminita"]
[Result "1-0"]
[ECO "C18"]
[WhiteElo "2451"]
[BlackElo "2313"]
[Annotator "RC"]
[PlyCount "73"]
[EventDate "2019.11.06"]
[EventType "tourn"]
[EventCountry "ROU"]
[SourceTitle "playchess.com"]
[Source "ChessBase"]
[SourceQuality "1"]
[TimeMode "Bronstein"]
[TimeControl "1500+10"]

1. e4 e6 2. d4 d5 3. Nc3 Bb4 4. e5 c5 5. a3 Bxc3+ 6. bxc3 Qc7 7. Qg4 f5 8. Qg3 Ne7 9. Be2 O-O 10. Nh3 Nbc6 11. Qe3 f4 12. Qd2 Nf5 13. dxc5 f3 14. Bxf3 Qxe5+ 15. Be2 d4 16. Bb2 Rd8 17. Kf1 Qxc5 18. Re1 e5 19. Bd3 Be6 20. Ng5 Bc4 21. Kg1 Rf8 22. cxd4 exd4 23. h4 Rae8 24. Rh3 h6 25. Ne4 Qb5 26. g4 Bxd3 27. cxd3 Nd6 28. Nxd6 Rxe1+ 29. Qxe1 Qxb2 30. g5 Ne5 31. gxh6 g6 32. Nc4 Nxc4 33. dxc4 d3 34. Rxd3 Qf6 35. Qe3 Qxh4 36. Qe6+ Kh7 37. Qd7+ 1-0

[Event "SuperChess Cup Rapid 2019"]
[Site "Bucharest"]
[Date "2019.11.08"]
[Round "7.1"]
[White "Lupulescu, Constantin"]
[Black "Istratescu, Andrei"]
[Result "1/2-1/2"]
[ECO "B48"]
[WhiteElo "2643"]
[BlackElo "2564"]
[Annotator "RC"]
[PlyCount "43"]
[EventDate "2019.11.06"]
[EventType "tourn"]
[EventCountry "ROU"]
[SourceTitle "playchess.com"]
[Source "ChessBase"]
[SourceQuality "1"]
[TimeMode "Bronstein"]
[TimeControl "1500+10"]

1. e4 c5 2. Nf3 e6 3. d4 cxd4 4. Nxd4 Nc6 5. Nc3 Qc7 6. Be3 a6 7. a3 b5 8. Nxc6 dxc6 9. Qg4 Nf6 10. Qg3 Qxg3 11. hxg3 Bd6 12. O-O-O Bb8 13. Be2 e5 14. f3 Ba7 15. Bxa7 Rxa7 16. g4 Rd7 17. Rde1 Rd6 18. Nd1 O-O 19. g5 Nd7 20. Rh5 g6 21. Rh4 f6 22. gxf6 1/2-1/2

[Event "SuperChess Cup Rapid 2019"]
[Site "Bucharest"]
[Date "2019.11.08"]
[Round "7.5"]
[White "Peptan, Corina-Isabela"]
[Black "Cosma, Elena-Luminita"]
[Result "1/2-1/2"]
[ECO "D41"]
[WhiteElo "2371"]
[BlackElo "2313"]
[Annotator "RC"]
[PlyCount "39"]
[EventDate "2019.11.06"]
[EventType "tourn"]
[EventCountry "ROU"]
[SourceTitle "playchess.com"]
[Source "ChessBase"]
[SourceQuality "1"]
[TimeMode "Bronstein"]
[TimeControl "1500+10"]

1. d4 e6 2. c4 Nf6 3. Nf3 d5 4. Nc3 c5 5. cxd5 Nxd5 6. e4 Nxc3 7. bxc3 cxd4 8. cxd4 Bb4+ 9. Bd2 Bxd2+ 10. Qxd2 O-O 11. Be2 b6 12. O-O Bb7 13. Qe3 Nd7 14. Rfd1 Rc8 15. a4 Qe7 16. a5 Rc7 17. axb6 axb6 18. Rdc1 Rxc1+ 19. Rxc1 Nf6 20. Bd3 1/2-1/2

[Event "SuperChess Cup Rapid 2019"]
[Site "Bucharest"]
[Date "2019.11.08"]
[Round "8.1"]
[White "Istratescu, Andrei"]
[Black "Cosma, Elena-Luminita"]
[Result "1/2-1/2"]
[ECO "C09"]
[WhiteElo "2564"]
[BlackElo "2313"]
[Annotator "RC"]
[PlyCount "72"]
[EventDate "2019.11.06"]
[EventType "tourn"]
[EventCountry "ROU"]
[SourceTitle "playchess.com"]
[Source "ChessBase"]
[SourceQuality "1"]
[TimeMode "Bronstein"]
[TimeControl "1500+10"]

1. e4 e6 2. d4 d5 3. Nd2 c5 4. exd5 exd5 5. Ngf3 Nc6 6. Bb5 cxd4 7. Nxd4 Bd7 8. N2f3 Bd6 9. O-O Nge7 10. h3 O-O 11. Bd3 Nxd4 12. Nxd4 Nc6 13. Nf3 h6 14. c3 Qf6 15. Bc2 Ne5 16. Nxe5 Qxe5 17. f4 Bc5+ 18. Kh1 Qd6 19. Qd3 g6 20. Be3 Bf5 21. Bxc5 Qxc5 22. Qd2 d4 23. Bxf5 dxc3 24. Qxc3 Qxf5 25. Rae1 Rae8 26. Qc7 Qb5 27. b3 Rc8 28. Qe5 Qxe5 29. Rxe5 Rfe8 30. Rfe1 Rxe5 31. Rxe5 Rc2 32. a4 Rc3 33. Rb5 b6 34. a5 bxa5 35. Rxa5 Rxb3 36. Rxa7 Rb5 1/2-1/2

[Event "SuperChess Cup Rapid 2019"]
[Site "Bucharest"]
[Date "2019.11.08"]
[Round "8.2"]
[White "Parligras, Mircea-Emilian"]
[Black "Peptan, Corina-Isabela"]
[Result "1-0"]
[ECO "B41"]
[WhiteElo "2629"]
[BlackElo "2371"]
[Annotator "ChessBase"]
[PlyCount "95"]
[EventDate "2019.11.06"]
[EventType "tourn"]
[EventCountry "ROU"]
[SourceTitle "playchess.com"]
[Source "ChessBase"]
[SourceQuality "1"]
[TimeMode "Bronstein"]
[TimeControl "1500+10"]

1. e4 c5 2. Nf3 e6 3. d4 cxd4 4. Nxd4 a6 5. c4 Nf6 6. Nc3 d6 7. Be3 b6 8. Be2 Bb7 9. f3 Be7 10. O-O O-O 11. Qd2 Qc7 12. Rfc1 Nbd7 13. a4 Ne5 14. a5 bxa5 15. Nb3 Rab8 16. Nxa5 Ba8 17. b4 Nfd7 18. Na4 Nc6 19. Nxc6 Bxc6 20. Nb2 Bb7 21. Nd3 Rfc8 22. Kh1 Bf6 23. Rab1 Ne5 24. Nf4 g6 25. Qa2 Ra8 26. c5 dxc5 27. bxc5 Nc6 28. Rd1 Re8 29. Rb6 Be5 30. Nd3 Bg7 31. Rdb1 Ra7 32. Bf4 e5 33. Be3 Bf8 34. Bd1 Rd8 35. Qc4 Bc8 36. Ba4 Be6 37. Qc3 Nd4 38. c6 Nb5 39. Bxb5 axb5 40. Nb4 Bxb4 41. Qxb4 Bc4 42. Qc5 Rda8 43. h3 Ra6 44. Rxa6 Rxa6 45. Bh6 Ra8 46. Rd1 Rc8 47. Rd7 Qa5 48. Qxe5 1-0